 Dungeon Crawl Stone Soup version 0.17-a0-157-g289cc6a (webtiles) character file.

111367 DEFE the Fencer (level 16, -2/149 HPs)
             Began as a Hill Orc Fighter on Mar 27, 2015.
             Was a High Priest of Okawaru.
             Killed from afar by Nikola (7 damage)
             ... with a chain lightning
             ... on level 2 of the Swamp.
             The game lasted 01:24:05 (38788 turns).

DEFE the Fencer (Hill Orc Fighter)                 Turns: 38788, Time: 01:24:05

Health: -2/149     AC: 27    Str: 26    XL:     16   Next: 57%
Magic:  29/29      EV:  8    Int:  8    God:    Okawaru [*****.]
Gold:   931        SH: 15    Dex: 12    Spells: 0 memorised, 15 levels left

rFire  + + .     SeeInvis +     U - +3 scimitar (flame)
rCold  + . .     Clarity  .     D - +0 plate armour
rNeg   + . .     SustAb   .     c - +1 shield (curse)
rPois  +         Gourm    .     G - +2 helmet
rElec  +         Spirit   .     W - +2 cloak {MR+}
rCorr  +         Warding  +     r - +2 pair of gloves {rF+}
rMut   .         Stasis   .     (no boots)
MR     ++...                    I - amulet of warding
Stlth  ..........               S - ring of see invisible
                                h - ring of poison resistance

@: resistant, very slightly contaminated, invisible, very resistant to hostile
enchantments, extremely unstealthy
A: hooves 1, agile 1
a: Heroism, Finesse, Renounce Religion


You were on level 2 of the Swamp.
You worshipped Okawaru.
Okawaru was extremely pleased with you.
You were not hungry.

You visited 5 branches of the dungeon, and saw 30 of its levels.
You also visited: Ossuary and Volcano.

You collected 2850 gold pieces.
You spent 1919 gold pieces at shops.

Inventory:

Hand weapons
 U - a +3 scimitar of flaming (weapon)
Armour
 c - a cursed +1 shield (worn)
 n - a +0 cloak
 r - a +2 pair of gloves of fire resistance (worn)
 D - a +0 plate armour (worn)
 G - a +2 helmet (worn)
 W - a +2 cloak of magic resistance (worn)
Jewellery
 h - a ring of poison resistance (left hand)
 B - an uncursed ring of protection from magic
 I - an amulet of warding (around neck)
 L - an uncursed ring of protection from cold
 S - a ring of see invisible (right hand)
 T - a +3 ring of dexterity {unknown}
 V - an uncursed ring of protection from fire
Magical devices
 b - a wand of digging (13)
 K - a wand of fireball (1)
Scrolls
 f - 12 scrolls of remove curse
 l - 2 scrolls of noise
 m - 8 scrolls of recharging
 u - 9 scrolls of enchant armour
 w - 4 scrolls of amnesia
 y - 2 scrolls of blinking
 z - 3 scrolls of immolation
 A - 2 scrolls of magic mapping
 C - 2 scrolls of random uselessness
 E - 13 scrolls of teleportation
 F - 4 scrolls of summoning
 H - a scroll of fog
 X - 10 scrolls of identify
Potions
 a - 2 potions of invisibility
 e - 4 potions of berserk rage
 i - 8 potions of curing
 j - 9 potions of haste
 k - a potion of lignification
 o - 6 potions of brilliance
 s - a potion of agility
 t - a potion of cure mutation
 M - a potion of ambrosia
 P - 2 potions of resistance
 Q - 3 potions of magic
 R - 5 potions of restore abilities
 Y - a potion of flight
Comestibles
 d - 11 meat rations
 p - 14 bread rations
 q - a beef jerky
 v - a poisonous chunk of flesh
 O - 11 fruits


   Skills:
 + Level 15.3 Fighting
 - Level 17.0 Long Blades
 + Level 14.3 Armour
 + Level 14.2 Shields
 - Level 10.5 Invocations
 - Level 6.0 Evocations


You had 15 spell levels left.
You didn't know any spells.

Dungeon Overview and Level Annotations

Branches:
Dungeon (15/15)            Temple (1/1) D:7            Lair (8/8) D:9
  Swamp (2/5) Lair:4       Spider (0/5) Lair:4        Slime (0/6) Lair:6
    Orc (4/4) D:10            Elf (0/3) Orc:3        Vaults (0/5) D:14
 Depths (0/5) D:15

Altars:
Ashenzari
Cheibriados
Dithmenos
Elyvilon
Fedhas
Gozag
Kikubaaqudgha
Makhleb
Nemelex Xobeh
Okawaru
Qazlal
Ru
Sif Muna
Trog
Vehumet
Xom
Yredelemnul
Zin
The Shining One
Beogh
Jiyva

Shops:
D:5 (   D:8 }   D:12 *   D:13 (   Orc:3 !   Orc:4 %!*%

Annotations:
Lair:8 exclusion: oklob plant
Swamp:2 Nikola


Innate Abilities, Weirdness & Mutations

You have large cloven feet.
You are agile. (Dex +2)


Message History

Unknown command.
Drink which item? (? for menu, Esc to quit)
Okay, then.
Read which item? (? for menu, Esc to quit)
Blink to where?
Press: ? - help, Dir - move target cursor You are very lightly contaminated with residual magic.
As you read the scroll of blinking, it crumbles to dust.
Drink which item? (? for menu, Esc to quit)
You feel protected.
Drink which item? (? for menu, Esc to quit)
You fade into invisibility!
Nikola casts a spell.
You hear a mighty clap of thunder!
The lightning arc hits you! You resist.
* * * LOW HITPOINT WARNING * * *
The lightning arc hits Nikola.
The lightning arc hits you! You resist.
* * * LOW HITPOINT WARNING * * *
The lightning arc hits Nikola.
The lightning arc hits you! You resist.
You die...

♣.≈≈≈≈≈.≈..♣
♣♣♣♣≈≈≈≈§..≈$♣♣
♣♣..♣....≈≈...≈♣♣.
♣....≈♣♣♣♣@♣♣≈≈≈...
≈≈.....♣≈...≈.≈≈≈≈
♣♣.≈≈P...:.≈≈≈≈≈≈≈≈
♣.≈≈≈≈≈≈...≈≈≈≈≈≈≈
♣.≈≈≈≈≈≈<..§≈≈≈≈≈≈
♣...@.≈≈...≈§≈≈≈≈.
♣....≈≈≈≈≈≈≈...≈≈.
♣..w♣...≈≈≈.♣♣.≈≈
♣.≈≈≈♣♣...≈≈.♣ ♣..
♣.≈≈≈≈≈♣♣≈..≈♣♣♣♣♣♣♣
♣≈≈≈≈.≈♣♣§≈.♣.≈≈...♣♣
≈≈≈≈.♣≈≈≈≈♣..≈≈...≈♣
≈≈.♣♣.≈≈≈..§≈..♣♣♣♣
≈.♣♣≈.≈..≈≈≈.♣♣


You could see Nikola and a swamp worm.

Vanquished Creatures
  Rupert (Lair:3)
  Snorg (Orc:3)
  A vault guard (D:14)
  A fire dragon (Lair:8)
  The ghost of BluebellGnoll the Unseen, a powerful SpBe of Trog (Lair:8)
  10 hydras
  Erica (Lair:6)
  A centaur warrior (D:15)
  2 tengu warriors
  An anaconda (shapeshifter) (D:15)
  8 death yaks
  Nergalle (Lair:1)
  A deep elf knight (D:14)
  A salamander mystic (Volcano)
  A wizard (D:12)
  An unseen horror (D:15)
  Pikel (D:7)
  10 hill giants
  9 orc knights
  The ghost of Ngotmuk the Cudgeler, an experienced DsAK of Lugonu (D:5)
  9 ugly things
  2 cyclopes
  6 salamanders (Volcano)
  4 manticores
  3 griffons
  3 elephants (Lair:8)
  2 octopodes (shapeshifter) (D:15)
  Maurice (Orc:4)
  Joseph (D:9)
  2 gargoyles (D:15)
  2 torpor snails
  12 spiny frogs
  5 black mambas
  4 fire drakes
  A deep elf priest (D:14)
  A kobold demonologist (D:13)
  The ghost of Ngotmuk the Cudgeler, an average DDFi (D:4)
  8 komodo dragons
  A polar bear (shapeshifter) (D:15)
  A queen bee (Lair:2)
  A tengu conjurer (D:14)
  A two-headed ogre (shapeshifter) (D:15)
  5 trolls
  A two-headed ogre (D:9)
  2 giant leeches
  A boulder beetle (Lair:8)
  10 ravens
  3 slime creatures (D:15)
  20 blink frogs
  A bog body (Swamp:2)
  A centaur simulacrum (D:14)
  8 basilisks
  A trapdoor spider (D:12)
  A wraith (D:15)
  2 wyverns
  A shadow (D:11)
  87 yaks
  A spriggan (D:7)
  A deep elf fighter (D:14)
  2 deep elf magi (D:14)
  2 hungry ghosts (D:15)
  Grum (Orc:1)
  11 vampire mosquitoes
  11 hippogriffs
  5 steam dragons
  Edmund (D:9)
  3 mottled dragons
  2 swamp worms (Lair:4)
  17 porcupines
  25 wolves
  7 wargs
  24 water moccasins
  4 slaves (D:7)
  A soldier ant (shapeshifter) (D:15)
  8 spiders (Lair:4)
  2 wasps
  14 ice beasts
  2 black bears
  3 phantoms
  A necrophage (D:8)
  3 swamp drakes
  3 boggarts (D:15)
  12 centaurs
  A boring beetle (Lair:8)
  5 sky beasts
  39 orc warriors
  13 ogres
  35 crocodiles
  3 big kobolds
  23 giant frogs
  A wyvern zombie (D:8)
  3 scorpions
  2 water moccasin skeletons
  32 killer bees
  6 wights
  An electric eel (Lair:4)
  4 centaur zombies
  4 crimson imps
  2 wasp zombies
  A giant frog zombie (D:6)
  4 jellies
  5 centaur skeletons
  23 orc priests
  A human zombie (Ossuary)
  31 orc wizards
  6 hounds
  A giant frog skeleton (D:4)
  A polar bear simulacrum (D:9)
  19 iguanas
  A yak simulacrum (D:9)
  14 sheep
  5 hell rats (Lair:4)
  4 wolf simulacra (D:9)
  7 worker ants
  A killer bee zombie (D:7)
  2 hound zombies
  A hound skeleton (D:6)
  7 mummies
  Robin (D:2)
  37 river rats
  A worker ant zombie (D:7)
  29 adders
  2 shadow imps (D:15)
  3 giant mites
  3 worms
  An adder zombie (D:7)
  13 giant geckos
  169 orcs
  14 bats
  3 bat zombies
  19 goblins
  26 hobgoblins
  6 jackals
  22 quokkas
  A ball python (D:1)
  3 giant cockroaches
  A giant gecko skeleton (D:4)
  A giant gecko zombie (D:8)
  4 giant newts
  2 giant spores
  A gnoll zombie (Ossuary)
  A hobgoblin zombie (Ossuary)
  25 kobolds
  A kobold zombie (Ossuary)
  3 orc zombies (Ossuary)
  25 rats
  4 river rat simulacra (D:9)
  5 ballistomycetes
  A bush (Lair:8)
1170 creatures vanquished.

Vanquished Creatures (others)
  A necromancer (D:9)
  A shadow (D:14)
  A yak simulacrum (D:9)
  An orc (Orc:4)
  A quokka (D:6)
  2 giant spores
  6 fungi
  13 plants
26 creatures vanquished.

Grand Total: 1196 creatures vanquished

Notes
Turn   | Place    | Note
--------------------------------------------------------------
     0 | D:1      | DEFE, the Hill Orc Fighter, began the quest for the Orb.
     0 | D:1      | Reached XP level 1. HP: 19/19 MP: 1/1
    97 | D:1      | Reached XP level 2. HP: 22/27 MP: 2/2
   831 | D:2      | Noticed Robin
   848 | D:2      | Reached XP level 3. HP: 26/33 MP: 3/3
   863 | D:2      | Reached skill level 4 in Fighting
   931 | D:2      | Killed Robin
  1578 | D:3      | Reached XP level 4. HP: 40/40 MP: 4/4
  2328 | D:4      | Found a sand-covered staircase.
  2332 | D:4      | Noticed Ngotmuk's ghost (average DDFi)
  2352 | D:4      | Killed Ngotmuk's ghost
  2352 | D:4      | Reached skill level 5 in Long Blades
  2352 | D:4      | Reached XP level 5. HP: 12/47 MP: 5/5
  2352 | D:4      | Reached XP level 6. HP: 14/55 MP: 6/6
  2559 | Ossuary  | Entered an ossuary
  2628 | Ossuary  | Reached skill level 5 in Fighting
  2661 | Ossuary  | Reached XP level 7. HP: 59/61 MP: 7/7
  2982 | D:4      | Found a white marble altar of Elyvilon.
  3051 | D:4      | Reached skill level 5 in Armour
  3169 | D:4      | Reached skill level 6 in Long Blades
  3228 | D:4      | Reached skill level 5 in Shields
  3405 | D:4      | Noticed an ogre
  3413 | D:4      | Killed an ogre
  3854 | D:5      | Entered Level 5 of the Dungeon
  3872 | D:5      | Reached XP level 8. HP: 49/70 MP: 8/8
  4338 | D:5      | Reached skill level 7 in Long Blades
  4438 | D:5      | Noticed Ngotmuk's ghost (experienced DsAK)
  4454 | D:5      | Killed Ngotmuk's ghost
  4928 | D:5      | Reached skill level 8 in Long Blades
  5060 | D:5      | Reached XP level 9. HP: 76/78 MP: 9/9
  5074 | D:5      | Found Dupnav's Antique Weapon Shop.
  5082 | D:5      | Bought a glowing falchion for 96 gold pieces
  6103 | D:6      | Reached skill level 9 in Long Blades
  6897 | D:7      | Found a staircase to the Ecumenical Temple.
  7205 | Temple   | Entered the Ecumenical Temple
  7215 | Temple   | Became a worshipper of Warmaster Okawaru
  7421 | D:7      | Noticed Pikel
  7435 | D:7      | Killed Pikel
  7435 | D:7      | Reached skill level 10 in Long Blades
  7435 | D:7      | Reached XP level 10. HP: 55/88 MP: 10/10
  8307 | D:8      | Acquired Okawaru's first power
  8594 | D:8      | Found a glowing golden altar of the Shining One.
  9018 | D:8      | Found Doceaz's Gadget Emporium.
  9226 | D:9      | Noticed Joseph
  9252 | D:8      | Reached skill level 11 in Long Blades
  9913 | D:9      | Killed Joseph
  9948 | D:9      | Reached XP level 11. HP: 52/97 MP: 8/12
  9952 | D:9      | Reached skill level 1 in Invocations
 10101 | D:9      | Noticed Edmund
 10114 | D:9      | Killed Edmund
 10162 | D:9      | Found a staircase to the Lair.
 10163 | D:9      | Found a stormy altar of Qazlal.
 10189 | D:9      | Noticed a cyan ugly thing
 10208 | D:9      | Killed a cyan ugly thing
 10537 | D:9      | Found a sparkling altar of Nemelex Xobeh.
 10711 | D:9      | Found an ancient bone altar of Kikubaaqudgha.
 10954 | D:9      | Noticed a necromancer
 10959 | D:9      | Killed a necromancer
 11261 | D:9      | Found a glowing silver altar of Zin.
 11268 | D:9      | Found a deep blue altar of Sif Muna.
 11301 | D:10     | Entered Level 10 of the Dungeon
 11305 | D:10     | Found a staircase to the Orcish Mines.
 11371 | D:10     | Reached skill level 1 in Evocations
 12033 | D:10     | Found a roughly hewn altar of Beogh.
 12710 | D:11     | Reached skill level 12 in Long Blades
 13232 | D:11     | Received a gift from Okawaru
 13716 | Lair:1   | Entered Level 1 of the Lair of Beasts
 13722 | Lair:1   | Noticed a six-headed hydra
 13728 | Lair:1   | Reached skill level 10 in Fighting
 13736 | Lair:1   | Killed a six-headed hydra
 14307 | Lair:1   | Reached XP level 12. HP: 77/107 MP: 18/18
 14612 | Lair:1   | Noticed Nergalle
 14673 | Lair:1   | Killed Nergalle
 14673 | Lair:1   | Reached skill level 13 in Long Blades
 15308 | Lair:1   | Reached skill level 10 in Shields
 15326 | Lair:1   | Acquired Okawaru's second power
 15461 | Lair:1   | Reached skill level 10 in Armour
 17152 | Lair:2   | Noticed an eight-headed hydra
 17168 | Lair:2   | Killed a nine-headed hydra
 17168 | Lair:2   | Reached skill level 5 in Evocations
 18213 | Lair:2   | Noticed a six-headed hydra
 18235 | Lair:2   | Killed a six-headed hydra
 18503 | Lair:2   | Noticed a four-headed hydra
 18521 | Lair:2   | Killed a four-headed hydra
 18521 | Lair:2   | Reached skill level 5 in Invocations
 18521 | Lair:2   | Reached XP level 13. HP: 51/116 MP: 20/21
 18979 | Lair:2   | Reached skill level 14 in Long Blades
 19256 | Lair:3   | Noticed Rupert
 19256 | Lair:3   | Paralysed by Rupert for 2 turns
 19263 | Lair:3   | Paralysed by Rupert for 4 turns
 19291 | Lair:3   | Killed Rupert
 20763 | Lair:4   | Received a gift from Okawaru
 20772 | Lair:4   | Got a slimy leather armour {god gift}
 20788 | Lair:3   | Identified the +3 leather armour of Zuisor {rElec Regen+ MP+9} (Okawaru gifted it to you on level 4 of the Lair of Beasts)
 21778 | Lair:4   | Found a hole to the Spider Nest.
 22684 | Lair:4   | Reached skill level 15 in Long Blades
 23482 | Lair:4   | Found a staircase to the Swamp.
 23939 | Lair:5   | Reached XP level 14. HP: 116/127 MP: 25/25
 24189 | Lair:5   | Identified a scroll of acquirement
 25134 | Lair:6   | Noticed Erica
 25145 | Lair:6   | Killed Erica
 25145 | Lair:6   | Received a gift from Okawaru
 25156 | Lair:6   | Got a smoking falchion {god gift}
 25157 | Lair:6   | Identified the +6 falchion "Cimpec" {slice, +Inv Int+4 Dex-5} (Okawaru gifted it to you on level 6 of the Lair of Beasts)
 25297 | Lair:6   | Found a staircase to the Slime Pits.
 25297 | Lair:6   | Found a viscous altar of Jiyva.
 25459 | Lair:6   | Gained mutation: You have large cloven feet. [potion of beneficial mutation]
 26059 | Lair:7   | Found a dark tunnel.
 26113 | Volcano  | Entered a volcano
 26920 | Lair:7   | Received a gift from Okawaru
 27698 | Lair:8   | Entered Level 8 of the Lair of Beasts
 27716 | Lair:8   | Reached skill level 16 in Long Blades
 28134 | Lair:8   | Noticed BluebellGnoll's ghost (powerful SpBe)
 28154 | Lair:8   | Killed BluebellGnoll's ghost
 28258 | Lair:8   | Reached XP level 15. HP: 74/136 MP: 28/28
 29400 | Lair:8   | Reached skill level 10 in Invocations
 30042 | D:12     | Noticed a wizard
 30078 | D:12     | Killed a wizard
 30237 | D:12     | Noticed a hill giant
 30244 | D:12     | Killed a hill giant
 30354 | D:12     | Noticed a hill giant
 30363 | D:12     | Killed a hill giant
 30403 | D:12     | Found Xesodial's Assorted Antiques.
 30410 | D:12     | Bought a potion of haste for 230 gold pieces
 30410 | D:12     | Bought a scroll of teleportation for 69 gold pieces
 30410 | D:12     | Bought a scroll of identify for 46 gold pieces
 30410 | D:12     | Bought a scroll of enchant armour for 172 gold pieces
 30410 | D:12     | Bought a scroll of identify for 46 gold pieces
 30464 | D:12     | Noticed a hill giant
 30472 | D:12     | Killed a hill giant
 31120 | Orc:1    | Entered Level 1 of the Orcish Mines
 31155 | Orc:1    | Found a runed door.
 31491 | Orc:1    | Found a roughly hewn altar of Beogh.
 32267 | Orc:1    | Noticed Grum
 32299 | Orc:1    | Killed Grum
 32421 | Orc:3    | Found a staircase to the Elven Halls.
 32428 | Orc:3    | Found a shimmering altar of Xom.
 32541 | Orc:3    | Noticed Snorg
 32551 | Orc:3    | Killed Snorg
 32551 | Orc:3    | Reached skill level 17 in Long Blades
 32813 | Orc:3    | Found Ijocel's Distillery.
 32826 | Orc:3    | Bought a potion of heal wounds for 60 gold pieces
 32826 | Orc:3    | Bought a potion of heal wounds for 60 gold pieces
 32960 | Orc:4    | Entered Level 4 of the Orcish Mines
 33162 | Orc:4    | Received a gift from Okawaru
 33587 | Orc:4    | Found Amuddusti's Food Shoppe.
 33587 | Orc:4    | Found Kaazuir's Distillery.
 33642 | Orc:4    | Found a roughly hewn altar of Beogh.
 33738 | Orc:4    | Noticed Maurice
 33751 | Orc:4    | Killed Maurice
 33990 | Orc:4    | Found Etib Tau's Food Boutique.
 34047 | Orc:4    | Found Xijupnal's General Store.
 34692 | Orc:4    | Found a roughly hewn altar of Beogh.
 34717 | Orc:4    | Found Xijupnal's General Store.
 34717 | Orc:4    | Found Etib Tau's Food Boutique.
 34995 | Orc:4    | Found Amuddusti's Food Shoppe.
 34995 | Orc:4    | Found Kaazuir's Distillery.
 35008 | Orc:4    | Bought a potion of beneficial mutation for 525 gold pieces
 35008 | Orc:4    | Bought a potion of resistance for 150 gold pieces
 35008 | Orc:4    | Bought a potion of flight for 45 gold pieces
 35008 | Orc:4    | Bought a potion of curing for 45 gold pieces
 35008 | Orc:4    | Bought a potion of haste for 150 gold pieces
 35008 | Orc:4    | Bought a potion of haste for 150 gold pieces
 35008 | Orc:4    | Bought a potion of restore abilities for 75 gold pieces
 35008 | Orc:4    | Gained mutation: You are agile. (Dex +2) [potion of beneficial mutation]
 35559 | D:13     | Found Cigaecru's Weapon Emporium.
 36255 | D:14     | Reached XP level 16. HP: 144/147 MP: 29/29
 36463 | D:14     | Received a gift from Okawaru
 36528 | D:14     | Found a gate to the Vaults.
 36967 | D:14     | HP: 4/147 [white ugly thing (21)]
 37398 | D:15     | Entered Level 15 of the Dungeon
 37623 | D:15     | Reached skill level 15 in Fighting
 37890 | D:15     | Received a gift from Okawaru
 38208 | D:15     | Found a staircase to the Depths.
 38573 | Swamp:1  | Entered Level 1 of the Swamp
 38674 | Swamp:1  | You fall through a shaft!
 38785 | Swamp:2  | Noticed Nikola
 38788 | Swamp:2  | HP: 5/149 [Nikola/chain lightning (4)]
 38788 | Swamp:2  | Killed from afar by Nikola

Action                   |  1- 3 |  4- 6 |  7- 9 | 10-12 | 13-15 | 16-18 || total
-------------------------+-------+-------+-------+-------+-------+-------++-------
Melee: Long sword        |   172 |   168 |   689 |  1733 |   998 |       ||  3760
       Morningstar       |       |       |       |    36 |     1 |       ||    37
       Scimitar          |       |       |       |       |  1758 |   478 ||  2236
Invok: Heroism           |       |       |       |    16 |    24 |       ||    40
       Finesse           |       |       |       |     2 |     4 |       ||     6
Evoke: Wand              |       |       |       |     7 |     2 |     2 ||    11
  Use: Scroll            |       |     5 |    10 |     8 |    15 |     2 ||    40
       Potion            |       |     2 |     3 |     7 |     8 |     3 ||    23
 Stab: Invisible         |       |     1 |       |       |       |       ||     1
       Distracted        |       |       |       |     1 |       |       ||     1
  Eat: Bread ration      |     1 |       |       |     1 |       |       ||     2
       Pizza             |       |     1 |       |     3 |       |     1 ||     5
       Chunk             |       |       |    16 |    24 |    49 |     7 ||    96
       Fruit             |       |       |       |     2 |       |     1 ||     3
       Royal jelly       |       |       |       |     2 |     7 |       ||     9
